 Dungeon Crawl Stone Soup version 0.27.0 (webtiles) character file.

Game seed: 15601266800468574669

76 mainiacjoe the Charlatan (level 4, -9/32 HPs)
             Began as a Mummy Artificer on July 30, 2021.
             Was an Initiate of Ru.
             Splashed by Ijyb's acid (14 damage)
             ... on level 4 of the Dungeon.
             The game lasted 00:06:52 (2560 turns).

mainiacjoe the Charlatan (Mummy Artificer)          Turns: 2560, Time: 00:06:54

Health: -9/32      AC:  9    Str: 16    XL:     4   Next: 12%
Magic:  4/4        EV: 10    Int: 10    God:    Ru [......]
Gold:   121        SH:  5    Dex: 12    Spells: 3/3 levels left

rFire    x . .     SeeInvis .   a - +0 long sword
rCold    + . .     Faith    .   (no shield)
rNeg     + + +     Spirit   .   i - +0 chain mail
rPois    ∞         Reflect  +   (no helmet)
rElec    .         Harm     .   k - +0 cloak
rCorr    .         Rampage  .   (no gloves)
Will     .....                  (no boots)
Stlth    ..........             r - amulet of reflection
HPRegen  0.10/turn              n - +4 ring of evasion {=R}
MPRegen  0.09/turn              (no ring)

@: no status effects
A: cold resistance 1, negative energy resistance 3, torment resistance 2, heat
vulnerability 1, disrupted magic 1, no potions
a: Renounce Religion


You were on level 4 of the Dungeon.
You worshipped Ru.
Ru was noncommittal.
You visited 1 branch of the dungeon, and saw 4 of its levels.

You collected 121 gold pieces.

Inventory:

Hand Weapons
 a - a +0 long sword (weapon)
 b - a +0 hunting sling
Missiles
 f - 73 stones (quivered)
 g - 15 arrows
Armour
 h - a scarf of resistance
 i - a +0 chain mail (worn)
 k - a +0 cloak (worn)
 q - a +0 leather armour
Jewellery
 n - a +4 ring of evasion (left hand) {=R}
 r - an amulet of reflection (around neck)
Wands
 c - a wand of flame (14)
 d - a wand of charming (15)
 l - a wand of paralysis (6)
Scrolls
 j - a scroll of blinking {unknown}
 m - 2 scrolls of teleportation {unknown}
 o - a scroll of immolation {unknown}
 p - a scroll of enchant weapon {unknown}
Miscellaneous
 e - a piece from Xom's chessboard (15/15)


   Skills:
 - Level 1.0 Fighting
 + Level 1.2 Long Blades
 - Level 1.5 Armour
 - Level 0.7 Dodging
 - Level 0.7 Stealth
 + Level 3.8 Evocations


You had 3 spell levels left.
You didn't know any spells.
Your spell library was empty.

Dungeon Overview and Level Annotations

Branches:
Dungeon (4/15)
 Temple: D:4-7

Altars:
Ru

Annotations:
D:4 Ijyb


Innate Abilities, Weirdness & Mutations

You are immune to poison.
Your flesh is cold resistant. (rC+)
You are immune to negative energy. (rN+++)
You are immune to unholy pain and torment.
You are vulnerable to heat. (rF-)
Your casting is slightly disrupted.
You do not drink.


Message History

You hit Ijyb but do no damage.
Ijyb is lightly wounded.
Ijyb is no longer paralysed.
The adder skeleton misses you.
You riposte.
You slash the adder skeleton!
You destroy the adder skeleton!
You block Ijyb's attack. The hobgoblin barely misses you.
You hit Ijyb but do no damage.
Ijyb is lightly wounded.
Ijyb closely misses you. You block the hobgoblin's attack.
Ijyb hits you but does no damage. You block the hobgoblin's attack.
You hit Ijyb.
Ijyb is moderately wounded.
Ijyb hits you but does no damage. The hobgoblin closely misses you.
You closely miss Ijyb.
Ijyb is moderately wounded.
Ijyb hits you but does no damage.
The hobgoblin hits you but does no damage.
Ijyb barely misses you.
You riposte.
You hit Ijyb.
Ijyb is heavily wounded.
You closely miss Ijyb.
Ijyb is heavily wounded.
The hobgoblin barely misses you. You block Ijyb's attack.
The hobgoblin closely misses you.
You closely miss Ijyb.
Ijyb is heavily wounded.
Ijyb completely misses you.
You riposte.
You barely miss Ijyb.
Ijyb is heavily wounded.
The hobgoblin closely misses you.
Your chain mail prevents you from hitting Ijyb.
Ijyb is heavily wounded.
Ijyb hits you with a +0 dagger.
The hobgoblin hits you but does no damage.
Unknown command.
You closely miss Ijyb.
Ijyb is heavily wounded.
Ijyb zaps a wand.
The bolt of acid hits you!!
Ouch! That really hurt!
* * * LOW HITPOINT WARNING * * *
You are splashed with acid!
You die...

........# ..
........# ....
........####....
#..............#
#..............#
#..............#
#.....g........#
#.....g@.......#
...#####<...#+#
+....# #....#
#....# .......
........
.........
..........


You could see Ijyb and a hobgoblin.

Vanquished Creatures
  2 adders
  An adder skeleton (D:4)
  3 worms (D:2)
  2 dart slugs
  5 endoplasms
  A giant cockroach (D:1)
  3 goblins (D:2)
  5 hobgoblins
  4 jackals (D:1)
  2 kobolds
  A quokka (D:2)
  3 ball pythons
  A bat (D:1)
  2 frilled lizards (D:1)
  7 rats
42 creatures vanquished.

Notes
Turn   | Place    | Note
-------+----------+-------------------------------------------
     0 | D:1      | mainiacjoe the Mummy Artificer began the quest for the Orb.
     0 | D:1      | Reached XP level 1. HP: 15/15 MP: 1/1
   499 | D:1      | Reached XP level 2. HP: 10/21 MP: 2/2
   671 | D:1      | Reached skill level 3 in Evocations
   831 | D:1      | Found a faded altar of an unknown god.
  1031 | D:1      | Became a worshipper of Ru the Awakened
  1044 | D:1      | Gained mutation: Your casting is slightly disrupted. [Ru
                  | sacrifice]
  1575 | D:2      | Reached XP level 3. HP: 14/26 MP: 3/3
  2467 | D:2      | Reached skill level 1 in Long Blades
  2519 | D:3      | Reached XP level 4. HP: 32/32 MP: 4/4
  2536 | D:4      | Noticed Ijyb
  2560 | D:4      | Splashed by Ijyb's acid

Illustrated notes

Levels and vault maps discovered:
D:1:      sevenhm_arrival_forest_fort_large_4, layout_loops_cross,
          hellmonk_ecumenical_altar_lost_god, fountainhead,
          minmay_misc_feat_nine_boxes, serial_park_tiny_pond
D:2:      layout_basic
D:3:      layout_rooms, uniq_jessica, uniq_grinder, uniq_crazy_yiuf_cottage
D:4:      lemuel_castle_with_subvaults [lemuel_castle_interior_carwin_1],
          layout_gridville, nicolae_elyvilon_temple_path,
          minmay_temple_entry_antechambers, minivault_5, uniq_ijyb,
          uniq_eustachio, uniq_blork_the_orc

Skill      XL: |  1  2  3 |
---------------+----------+-----
Evocations     | 3 |  3.8
Long Blades    | 1 |  1.2
Fighting       | |  1.0
Armour         | |  1.5
Dodging        | |  0.7
Stealth        | |  0.7

Action                   |  1- 3 |  4- 6 || total
-------------------------+-------+-------++-------
Melee: Short sword       |    83 |       ||    83
       Club              |     2 |       ||     2
       Long sword        |    69 |    21 ||    90
 Fire: Hunting sling     |    37 |       ||    37
Throw: Stone             |    53 |       ||    53
Invok: Sacrifice Essence |     1 |       ||     1
Evoke: Piece from Xom's  |     2 |       ||     2
       Wand              |     1 |     1 ||     2
 Stab: Petrified         |    10 |       ||    10
       Paralysed         |       |    11 ||    11
Armor: Chain mail        |    77 |    19 ||    96
       Leather armour    |     1 |       ||     1
Dodge: Dodged            |    83 |    17 ||   100
Block: Other             |     1 |     7 ||     8
       Rpst.: Long sword |    13 |     7 ||    20
